 Dungeon Crawl Stone Soup version 0.27-a0-1280-g9d2d252d84 (webtiles) character file.

Game seed: 8702581178968664576

81 Glokmah the Skirmisher (level 4, -2/37 HPs)
             Began as a Human Monk on June 13, 2021.
             Was a Believer of Dithmenos.
             Shot with an arrow by a centaur (6 damage)
             ... on level 4 of the Dungeon.
             The game lasted 00:06:51 (3946 turns).

Glokmah the Skirmisher (Human Monk)                 Turns: 3946, Time: 00:06:51

Health: -2/37      AC:  3    Str: 12    XL:     4   Next: 68%
Magic:  4/4        EV: 13    Int: 10    God:    Dithmenos [**....]
Gold:   117        SH:  0    Dex: 16    Spells: 3/3 levels left

rFire    . . .     SeeInvis .   b - +0 dagger
rCold    . . .     Faith    .   (no shield)
rNeg     . . .     Spirit   .   s - +0 leather armour
rPois    .         Reflect  .   (no helmet)
rElec    .         Harm     .   (no cloak)
rCorr    .         Rampage  .   (no gloves)
Will     .....                  (no boots)
Stlth    ++........             (no amulet)
HPRegen  0.12/turn              (no ring)
MPRegen  0.09/turn              (no ring)

@: about to teleport, wreathed by umbra
A: no striking features
a: Renounce Religion, Shadow Step


You were on level 4 of the Dungeon.
You worshipped Dithmenos.
Dithmenos was pleased with you.
You visited 1 branch of the dungeon, and saw 4 of its levels.

You collected 117 gold pieces.

Inventory:

Hand Weapons
 a - a +1 trident of protection
 b - a +0 dagger (weapon)
Missiles
 f - 81 stones
 q - 5 boomerangs
Armour
 s - a +0 leather armour (worn)
Wands
 m - a wand of polymorph (12) (quivered)
Scrolls
 c - a scroll of blinking {unknown}
 d - a scroll of acquirement {unknown}
 e - a scroll of amnesia
 j - 3 scrolls of identify
 k - a scroll of teleportation
 r - a scroll of enchant armour {unknown}
Potions
 g - 2 potions of magic {unknown}
 h - a potion of attraction {unknown}
 i - a potion of haste {unknown}
 l - 2 potions of curing {unknown}
 o - a potion of lignification {unknown}
 p - a potion of mutation {unknown}


   Skills:
 + Level 3.7 Fighting
 * Level 0.9 Short Blades
 - Level 3.5 Polearms
 + Level 3.6 Dodging
 * Level 2.3 Stealth


You had 3 spell levels left.
You didn't know any spells.
Your spell library was empty.

Dungeon Overview and Level Annotations

Branches:
Dungeon (4/15)
 Temple: D:4-7

Altars:
Dithmenos

Shops:
D:1 =


Message History

You climb downwards.
There is a stone staircase leading up here.
You climb upwards.
There is a stone staircase leading down here.
There is a stone staircase leading down here.
You climb downwards.
There is a stone staircase leading up here.
You climb upwards.
There is a stone staircase leading down here.
There is a stone staircase leading down here.
You climb downwards.
Found 23 arrows.
There is a stone staircase leading up here.
You open the door.
There is an open door here.
Found a stone staircase leading down.
Found 17 arrows.
You now have 117 gold pieces (gained 15).
A centaur comes into view.
A centaur is nearby!
The centaur shouts!
The centaur wields a +0 shortbow.
The centaur shoots an arrow.
The arrow hits you!
The centaur shoots an arrow.
The arrow hits you!
The centaur shoots an arrow.
The arrow barely misses you.
As you read the scroll labelled WUIHEFIUFO, it crumbles to dust.
It is a scroll of amnesia.
You feel forgetful for a moment.
The centaur shoots an arrow.
The arrow hits you!
* * * LOW HITPOINT WARNING * * *
As you read the scroll labelled GOUKYA PANKAN, it crumbles to dust.
It is a scroll of identify.
k - 2 scrolls of teleportation The centaur shoots an arrow.
The arrow hits you.
* * * LOW HITPOINT WARNING * * *
As you read the scroll of teleportation, it crumbles to dust.
You feel strangely unstable.
Okay, then.
The centaur shoots an arrow.
The arrow hits you.
You die...

#.#### #. ##.###
....# #...####
+...+..#
#...##.############
#..................
#.@.........#######
#.#.........#
#.#c........#
#'#.........#
#c.....(.......#
#..............#
................#
................#
....###.........#


You could see a centaur.

Vanquished Creatures
  2 adders (D:3)
  A worm (D:2)
  A dart slug (D:2)
  7 orcs
  5 endoplasms
  4 giant cockroaches
  6 goblins
  3 hobgoblins
  3 kobolds
  2 quokkas
  2 ball pythons
  5 bats
  2 frilled lizards
  6 rats
49 creatures vanquished.

Notes
Turn   | Place    | Note
-------+----------+-------------------------------------------
     0 | D:1      | Glokmah the Human Monk began the quest for the Orb.
     0 | D:1      | Reached XP level 1. HP: 18/18 MP: 1/1
   331 | D:1      | Reached XP level 2. HP: 22/24 MP: 2/2
   379 | D:1      | Found Cixat's Jewellery Shoppe.
  1251 | D:2      | Reached XP level 3. HP: 10/29 MP: 3/3
  2475 | D:3      | Found a shadowy altar of Dithmenos.
  2499 | D:3      | Became a worshipper of Dithmenos the Shadowed
  2499 | D:3      | Reached * piety under Dithmenos
  2499 | D:3      | Reached ** piety under Dithmenos
  2631 | D:3      | Reached XP level 4. HP: 33/36 MP: 4/4
  2738 | D:3      | Found a faded altar of an unknown god.
  3935 | D:4      | Noticed a centaur
  3946 | D:4      | Shot with an arrow by a centaur

Illustrated notes

Levels and vault maps discovered:
D:1:      lightli_arrival_chessboard, layout_basic, serial_shops, shop
D:2:      layout_rooms, minmay_unequal
D:3:      layout_loops_ring, nicolae_dithmenos_the_darkroom,
          ebering_ecumenical_altar_webs
D:4:      layout_basic, nicolae_gozag_conspicuous_consumption,
          nicolae_sif_muna_little_library

Action                   |  1- 3 |  4- 6 || total
-------------------------+-------+-------++-------
Melee: Spear             |   159 |    36 ||   195
       Dagger            |     3 |    28 ||    31
       Trident           |       |     3 ||     3
Throw: Stone             |     4 |       ||     4
Evoke: Wand              |       |     2 ||     2
  Use: Scroll            |       |     3 ||     3
 Stab: Sleeping          |    12 |     1 ||    13
Armor: Robe              |    20 |     7 ||    27
Dodge: Dodged            |    72 |    59 ||   131

Table legend: (Time is in decaauts)
 A = Elapsed time spent in this place.
 B = Non-inter-level travel time spent in this place.
 C = Inter-level travel time spent in this place.
 D = Time resting spent in this place.
 E = Time spent auto-exploring this place.
 F = Levels seen in this place.
 G = Mean time per level.
                   A        B        C        D        E       F      G
               +--------+--------+--------+--------+--------+-----+--------+
         Total |   3935 |   3628 |    307 |    822 |   2192 |   4 |  983.8 |
       Dungeon |   3935 |   3628 |    307 |    822 |   2192 |   4 |  983.8 |
               +--------+--------+--------+--------+--------+-----+--------+

Top non-repeatable levels by time:
     D:3: 1399 daAuts
     D:2: 1333 daAuts
     D:1: 1093 daAuts
     D:4: 109 daAuts
